AoeStats
← Babifort

Arabia

510725729Analyzed
1v1 RM · 16h ago on Oct 2, 2026· 44m 7s· 2 players
Game mode
Random Map
Map size
Tiny (2 player)
Population
200
Speed
Normal
Resources
Standard
Victory
Conquest
Starting age
Dark Age
Ending age
Imperial Age
RankedLock teamsTeams togetherTeam positionsShared explorationLock speedFull tech treeHidden civsTurbo modeCheats
Victory
Defeat
🇫🇷 Malians · France
1550
+15
🇩🇪 Mongols · Germany
1519
-15
Nichter90
8:15 Feudal Age
6:31 Loom
9:03 Double-Bit Axe
12:52 Horse Collar
16:06 Forging
21:13 Castle Age
19:10 Gold Mining
20:13 Scale Barding Armor
21:00 Bloodlines
21:28 Wheelbarrow
20:40 Town Watch
22:21 Husbandry
26:46 Heavy Plow
27:00 Bow Saw
36:56 Imperial Age
35:03 Fletching
35:36 Padded Archer Armor
36:37 Hand Cart
36:29 Stone Mining
37:04 Bodkin Arrow
37:30 Ballistics
38:48 Bracer
39:09 Chain Barding Armor
39:51 Chemistry
42:25 Light Cavalry
45:08 Iron Casting
Babifort
6:45 Loom
9:28 Feudal Age
9:59 Double-Bit Axe
10:20 Horse Collar
16:04 Scale Mail Armor
21:09 Castle Age
20:47 Forging
21:20 Scale Barding Armor
22:44 Chain Barding Armor
24:25 Wheelbarrow
27:31 Heavy Plow
28:34 Fletching
30:12 Bloodlines
32:22 Husbandry
33:43 Iron Casting
37:47 Imperial Age
37:47 Bodkin Arrow
38:08 Chain Mail Armor
38:21 Bow Saw
38:27 Masonry
37:56 Heavy Camel Rider
38:39 Farimba
39:18 Hand Cart
38:48 Town Watch
39:40 Plate Barding Armor
39:34 Light Cavalry
42:11 Chemistry
43:24 Elite Skirmisher
44:07 Padded Archer Armor
Connection lost

Rejoining the realm…

Still unreachable

The connection could not be restored.

Session expired

The server has moved on; the page needs a fresh start.